 Dungeon Crawl Stone Soup version 0.22-a0-252-gcace5d2 (webtiles) character file.

177450 Slobodan the Destroyer (level 18, 116/116 HPs)
             Began as a Kobold Fire Elementalist on Feb 27, 2018.
             Was the Champion of Ru.
             Quit the game on level 11 of the Dungeon on Mar 2, 2018.
             The game lasted 05:55:39 (33803 turns).

Slobodan the Destroyer (Kobold Fire Elementalist)  Turns: 33803, Time: 05:55:39

Health: 116/116    AC: 15    Str: 11    XL:     18   Next: 48%
Magic:  31/31      EV: 15    Int: 26    God:    Ru [******]
Gold:   2114       SH: 17    Dex: 15    Spells: 17/35 levels left

rFire    + . .     SeeInvis .   a - +6 rapier (elec)
rCold    + + .     Gourm    .   H - +4 shield of Gehenna {+Inv rC+ rN++ Int-2}
rNeg     + + .     Faith    .   S - +2 scale mail {rF+}
rPois    +         Spirit   .   p - +2 hat "Hiuqited" {rC+ Int+3}
rElec    .         Reflect  +   V - +2 cloak {+Inv}
rCorr    .         Harm     .   i - +2 pair of gloves
MR       +....                  o - +2 pair of boots {run}
Stlth    ..........             w - +2 amulet of reflection
HPRegen  0.29/turn              f - ring of poison resistance
MPRegen  0.22/turn              n - +6 ring of intelligence

@: quick
A: small, carnivore, no potion heal 1, inability to read while threatened, no
stealth, hated by all, no hexes magic, no poison magic, no translocations magic,
reduced AC 1
}: 1/15 runes: barnacled
a: Draw Out Power, Power Leap, Apocalypse, Renounce Religion, Evoke Invisibility


You were on level 11 of the Dungeon.
You worshipped Ru.
Ru was exalted by your worship.
You were full.

You visited 5 branches of the dungeon, and saw 28 of its levels.
You also visited: Ossuary.

You collected 2490 gold pieces.
You spent 376 gold pieces at shops.

Inventory:

Hand Weapons
 a - a +6 rapier of electrocution (weapon)
Missiles
 e - 71 tomahawks (quivered)
 P - 6 throwing nets
Armour
 i - a +2 pair of gloves (worn)
 o - a +2 pair of boots of running (worn)
 p - the +2 hat "Hiuqited" (worn) {rC+ Int+3}
   (You found it on level 3 of the Shoals)

   It affects your intelligence (+3).
   It protects you from cold.
 x - a +2 helmet of see invisible
 D - the +1 ring mail of Hedging {Int+4}
   (You found it on level 8 of the Dungeon)

   It affects your intelligence (+4).
 H - the +4 shield of Gehenna (worn) {+Inv rC+ rN++ Int-2}
   (You found it on level 10 of the Dungeon)

   It affects your intelligence (-2).
   It protects you from cold.
   It greatly protects you from negative energy.
   It lets you turn invisible.
 S - a +2 scale mail of fire resistance (worn)
 V - a +2 cloak of invisibility (worn)
Jewellery
 d - an uncursed ring of resist corrosion
 f - a ring of poison resistance (left hand)
 n - a +6 ring of intelligence (right hand)
 w - a +2 amulet of reflection (around neck)
 E - an uncursed amulet of rage
 N - a +3 ring of evasion
Wands
 I - a wand of polymorph (11)
 M - a wand of acid (1)
 R - a wand of digging (10)
 T - a wand of paralysis (15)
 U - a wand of iceblast (12)
 Z - a wand of scattershot (4)
Scrolls
 h - 13 scrolls of remove curse
 j - 9 scrolls of teleportation
 k - 4 scrolls of fear
 q - 2 scrolls of fog
 y - 5 scrolls of blinking
 z - 4 scrolls of identify
 B - 3 scrolls of immolation
Potions
 g - 3 potions of heal wounds
 l - 5 potions of haste
 m - 3 potions of magic
 r - 3 potions of brilliance
 s - 3 potions of cancellation
 t - 3 potions of lignification
 u - 3 potions of might
 v - 6 potions of curing
 K - a potion of agility
 Q - a potion of resistance
 Y - a potion of ambrosia
Miscellaneous
 L - a lamp of fire (inert)
Comestibles
 b - 44 rations


   Skills:
 + Level 13.8 Fighting
 - Level 14.0 Short Blades
 - Level 3.5 Armour
 + Level 11.1 Dodging
 + Level 9.8 Shields
 - Level 9.0 Spellcasting
 + Level 14.6 Conjurations
 - Level 2.0 Charms
 - Level 3.0 Necromancy
 - Level 13.2 Fire Magic
 - Level 6.0 Evocations


You had 17 spell levels left.
You knew the following spells:

 Your Spells              Type           Power        Failure   Level  Hunger
a - Flame Tongue          Conj/Fire      #####        1%          1    None
b - Conjure Flame         Conj/Fire      ######..     1%          3    None
c - Throw Flame           Conj/Fire      ######       1%          2    None
d - Fireball              Conj/Fire      ######....   7%          5    ####...
e - Sticky Flame          Conj/Fire      ######..     2%          4    #......
f - Regeneration          Chrm/Necr      ###.......   63%         3    None


Dungeon Overview and Level Annotations

Branches:
Dungeon (15/15)            Temple (1/1) D:7            Lair (6/6) D:11
 Shoals (4/4) Lair:4        Snake (0/4) Lair:3        Slime (0/5) Lair:5
    Orc (2/2) D:9             Elf (0/3) Orc:2        Vaults (0/5) D:13
 Depths: D:15

Altars:
Ashenzari
Cheibriados
Dithmenos
Elyvilon
Fedhas
Gozag
Hepliaklqana
Kikubaaqudgha
Makhleb
Nemelex Xobeh
Okawaru
Qazlal
Ru
Sif Muna
Trog
Uskayaw
Vehumet
Wu Jian
Xom
Yredelemnul
Zin
The Shining One
Beogh
Jiyva

Shops:
D:8 (   Orc:2 %*[*

Portals:
Trove: D:12 (give horn of Geryon)

Annotations:
D:3 Grinder
D:5 nikopol's ghost, novice DEFE
D:15 exclusion: Roxanne, Roxanne
Shoals:2 Polyphemus


Innate Abilities, Weirdness & Mutations

You are small and have problems with some larger weapons.
You are carnivorous and can eat meat at any time.
Potions are less effective at restoring your health.
You cannot read scrolls while threatened.
You cannot be stealthy.
You are hated by all.
You cannot study or cast Hexes magic.
You cannot study or cast Poison magic.
You cannot study or cast Translocations magic.
You take slightly more damage. (AC -5)


Message History

You continue taking off the +1 ring mail of Hedging {Int+4}. x4
You finish taking off the +1 ring mail of Hedging {Int+4}.
You start putting on your armour.
You continue putting on your +2 scale mail of fire resistance. x5
You finish putting on your +2 scale mail of fire resistance.
You feel resistant to fire.
Search for what [? for help]? enchant ar Search for what [Enter for "enchant ar", or ? for help]? shop Put on which piece of jewellery? (? for menu, Esc to quit)
You're wearing all the rings you can.
Remove which one? (? for menu, Esc to cancel) < or
N - a +3 ring of evasion; > or
n - a +6 ring of intelligence You remove your +3 ring of evasion.
f - a ring of poison resistance (left hand) Search for what [Enter for "shop", or ? for help]? buckler Save game and exit?
Welcome back, Slobodan the Kobold Fire Elementalist.
Ru says: Cut away your false body!
Press ? for a list of commands and other information.
Are you sure you want to abandon this character and quit the game? (Confirm with "yes".)

#............# #....
#............# #....
#............# #....
#............# #....
#............# #....
#......§.....# #####
#.....§§§§...#
#....≈§§§§≈§§#
#....≈§§@≈§§.#######
#....≈§§>.§§.......#
####.§≈≈.≈≈≈.......#
#.§§≈≈≈≈≈.......#
#.§§≈≈≈≈........######
#.....................
#..#.§................
#.....................
####..................


There were no monsters in sight!

Vanquished Creatures
  Rupert (Orc:2)
  Gastronok (Lair:1)
  Ilsuiw (Shoals:4)
  A ghost moth (Shoals:2)
  An orc warlord (Orc:2)
  A stone giant (Orc:1)
  The ghost of Autsider the Arsonist, a journeyman DrFE of Vehumet (Lair:5)
  A minotaur (Shoals:3)
  Snorg (Lair:5)
  7 merfolk javelineers
  5 merfolk impalers
  8 hydras
  4 vault guards (D:13)
  6 merfolk avatars
  5 catoblepae
  3 satyrs
  7 two-headed ogres
  8 merfolk aquamancers
  16 death yaks
  3 centaur warriors
  4 orc high priests (Orc:2)
  Urug (D:14)
  4 unseen horrors
  8 sea snakes
  4 orc knights (Orc:2)
  17 harpies
  A deep elf mage (D:14)
  4 orc sorcerers (Orc:2)
  5 ugly things (D:14)
  8 manticores
  8 fauns
  2 oklob plants
  A cyclops (Shoals:3)
  12 merfolk sirens
  4 black mambas
  15 elephants
  Maurice (Orc:2)
  4 water nymphs
  2 gargoyles
  A torpor snail (Lair:5)
  10 spiny frogs
  3 kobold demonologists (D:14)
  8 komodo dragons
  A tengu conjurer (D:15)
  4 trolls
  2 polar bears
  8 wind drakes
  2 hornets
  30 merfolk
  7 meliai
  28 blink frogs
  15 dream sheep
  13 snapping turtles
  7 hippogriffs
  A shadow (D:11)
  Sigmund (D:2)
  A spriggan (D:14)
  5 wyverns
  11 water elementals
  59 yaks
  Grum (Lair:1)
  A wraith (D:15)
  Eustachio (D:6)
  5 basilisks
  A steam dragon (D:12)
  4 hungry ghosts
  2 vampire mosquitoes (D:12)
  7 wargs
  5 nagas (Lair:3)
  Menkaure (Ossuary)
  A soldier ant (D:13)
  2 hell hounds (D:11)
  An acid dragon (D:12)
  9 porcupines
  14 water moccasins
  44 orc warriors
  A hornet zombie (D:13)
  7 black bears
  5 ice beasts
  4 phantoms
  4 sky beasts
  16 ogres
  2 eyes of draining
  24 wolves
  10 centaurs
  18 crocodiles
  3 big kobolds
  6 bullfrogs
  2 scorpions
  19 killer bees
  6 wights
  2 electric eels (Lair:4)
  3 crimson imps
  3 howler monkeys (D:11)
  2 bullfrog zombies
  7 centaur zombies
  2 jellies
  4 hounds
  3 bullfrog skeletons
  26 orc priests
  25 orc wizards
  3 centaur skeletons
  4 iguanas
  Terence (D:2)
  12 worker ants
  4 hell rats (Lair:2)
  A hound zombie (D:7)
  A hound skeleton (D:8)
  A howler monkey zombie (D:5)
  4 mummies
  4 worker ant zombies
  An adder (shapeshifter) (D:14)
  4 gnolls (D:6)
  10 adders
  3 river rats (Lair:2)
  3 shadow imps
  An ooze (D:1)
  An adder skeleton (D:8)
  A worm (D:2)
  131 orcs
  A ball python (D:2)
  A giant cockroach (D:7)
  7 goblins
  5 hobgoblins
  9 jackals
  2 quokkas
  3 bats (D:1)
  2 gnoll skeletons (Ossuary)
  3 gnoll zombies (Ossuary)
  4 goblin zombies (Ossuary)
  2 hobgoblin skeletons (Ossuary)
  A hobgoblin zombie (Ossuary)
  A jackal skeleton (D:4)
  12 kobolds
  A kobold skeleton (Ossuary)
  3 kobold zombies (Ossuary)
  An orc skeleton (Ossuary)
  3 orc zombies (Ossuary)
  2 quokka skeletons
  7 rats
  3 fungi
  5 plants
974 creatures vanquished.

Vanquished Creatures (others)
  A merfolk javelineer (Shoals:3)
  A satyr (Shoals:3)
  A harpy (Shoals:1)
  A manticore (Shoals:4)
  A faun (Shoals:4)
  2 merfolk
  A porcupine (Lair:2)
  A crocodile (Lair:2)
  A centaur (Shoals:3)
  A worker ant (D:13)
  An orc (D:12)
  A gnoll zombie (Ossuary)
  2 gnoll skeletons (Ossuary)
  2 goblin skeletons (Ossuary)
  A goblin zombie (Ossuary)
  7 hobgoblin skeletons (Ossuary)
  3 hobgoblin zombies (Ossuary)
  3 kobold zombies (Ossuary)
  An orc skeleton (Ossuary)
  An orc zombie (Ossuary)
  7 rat skeletons (Ossuary)
  2 rat zombies (Ossuary)
  4 bushes (Lair:1)
  14 fungi
  33 plants
  11 tentacles
104 creatures vanquished.

Grand Total: 1078 creatures vanquished

Notes
Turn   | Place    | Note
-------+----------+-------------------------------------------
     0 | D:1      | Slobodan the Kobold Fire Elementalist began the quest for the Orb.
     0 | D:1      | Reached XP level 1. HP: 10/10 MP: 3/3
   159 | D:1      | Reached XP level 2. HP: 15/15 MP: 0/5
   479 | D:1      | Reached skill level 1 in Short Blades
   543 | D:2      | Noticed Terence
   747 | D:2      | Reached XP level 3. HP: 19/19 MP: 3/6
   814 | D:2      | Noticed Sigmund
   878 | D:2      | Learned a level 3 spell: Conjure Flame
   883 | D:3      | Noticed Grinder
  1199 | D:2      | Killed Terence
  1199 | D:2      | Reached XP level 4. HP: 8/24 MP: 0/7
  1855 | D:4      | Reached XP level 5. HP: 22/28 MP: 6/8
  1938 | D:4      | Noticed a phantom
  1978 | D:4      | Noticed a phantom
  2270 | D:3      | Learned a level 2 spell: Throw Flame
  2469 | D:4      | Found a blossoming altar of Fedhas.
  2689 | D:5      | Entered Level 5 of the Dungeon
  2722 | D:5      | Noticed nikopol's ghost (novice DEFE)
  2780 | D:4      | Killed a phantom
  2780 | D:4      | Reached skill level 1 in Fighting
  2780 | D:4      | Reached XP level 6. HP: 20/35 MP: 0/9
  3513 | D:2      | Killed Sigmund
  3513 | D:2      | Reached XP level 7. HP: 8/40 MP: 11/11
  4163 | D:5      | Learned a level 5 spell: Fireball
  4245 | D:5      | Reached XP level 8. HP: 34/46 MP: 7/13
  4570 | D:6      | Reached skill level 5 in Fire Magic
  4672 | D:6      | Found a bloodstained altar of Trog.
  5238 | D:6      | Noticed Eustachio
  5432 | D:6      | Reached skill level 5 in Conjurations
  6083 | D:7      | Found a staircase to the Ecumenical Temple.
  6092 | Temple   | Entered the Ecumenical Temple
  6197 | Temple   | Became a worshipper of Ru the Awakened
  6314 | D:7      | Found a sand-covered staircase.
  6339 | Ossuary  | Entered an ossuary
  6700 | Ossuary  | Noticed Menkaure
  6703 | Ossuary  | Killed Menkaure
  6703 | Ossuary  | Reached skill level 1 in Shields
  6954 | D:7      | Found a shadowy altar of Dithmenos.
  6965 | D:7      | Reached XP level 9. HP: 41/53 MP: 4/15
  7067 | D:7      | Got a thick robe
  7078 | D:7      | Identified the +1 robe of Fedhas's Esteem {-Tele rPois rF+ Int+3} (You found it on level 7 of the Dungeon)
  7171 | D:7      | Reached skill level 5 in Fighting
  7365 | D:7      | Gained mutation: You cannot read scrolls while threatened. [Ru sacrifice]
  7365 | D:7      | Reached * piety under Ru
  7669 | D:6      | Killed Eustachio
  7734 | D:7      | Upgraded the game from 0.22-a0-247-gbddf880 to 0.22-a0-248-gc8378ba
  7818 | D:8      | Noticed a gargoyle
  7870 | D:8      | Killed a gargoyle
  7909 | D:8      | Noticed a two-headed ogre
  7921 | D:8      | Killed a two-headed ogre
  7921 | D:8      | Reached XP level 10. HP: 60/60 MP: 5/16
  8203 | D:8      | Noticed a two-headed ogre
  8215 | D:8      | Killed a two-headed ogre
  8299 | D:8      | Got a faintly humming ring mail
  8310 | D:8      | Identified the cursed +1 ring mail of Hedging {Int+4} (You found it on level 8 of the Dungeon)
  8663 | D:8      | Found Quopov's Weapon Shop.
  8908 | D:9      | Reached skill level 1 in Armour
  8942 | D:9      | Noticed a two-headed ogre
  8956 | D:9      | Killed a two-headed ogre
  9057 | D:9      | Reached skill level 5 in Spellcasting
  9080 | D:9      | Reached XP level 11. HP: 38/67 MP: 14/18
  9946 | D:9      | Found a roughly hewn altar of Beogh.
  9946 | D:9      | Found a staircase to the Orcish Mines.
  9956 | D:9      | Gained mutation: You take slightly more damage. (AC -5) [Ru sacrifice]
  9956 | D:9      | Reached ** piety under Ru
  9956 | D:9      | Reached *** piety under Ru
 10107 | D:9      | Learned a level 4 spell: Sticky Flame
 10203 | D:10     | Entered Level 10 of the Dungeon
 10585 | D:10     | Got a brightly glowing shield
 10633 | D:10     | Identified the +4 shield of Gehenna {+Inv rC+ rN++ Int-2} (You found it on level 10 of the Dungeon)
 11105 | D:10     | Reached skill level 5 in Short Blades
 11447 | D:11     | Noticed a red ugly thing
 11465 | D:11     | Noticed a two-headed ogre
 11623 | D:11     | Noticed a six-headed hydra
 11777 | D:11     | Killed a six-headed hydra
 11971 | D:11     | Gained mutation: You cannot study or cast Poison magic. [Ru sacrifice]
 11971 | D:11     | Gained mutation: You cannot study or cast Hexes magic. [Ru sacrifice]
 11971 | D:11     | Gained mutation: You cannot study or cast Translocations magic. [Ru sacrifice]
 11971 | D:11     | Reached **** piety under Ru
 12188 | D:11     | Reached skill level 5 in Dodging
 12188 | D:11     | Reached XP level 12. HP: 72/72 MP: 15/21
 12357 | D:11     | Noticed an unseen horror
 12372 | D:11     | Killed an unseen horror
 12407 | D:11     | Reached skill level 10 in Fire Magic
 12505 | D:11     | Killed a two-headed ogre
 12659 | D:11     | Found a staircase to the Lair.
 12712 | Lair:1   | Entered Level 1 of the Lair of Beasts
 12758 | Lair:1   | Reached skill level 10 in Conjurations
 12877 | Lair:1   | Noticed Gastronok
 12891 | Lair:1   | Killed Gastronok
 13331 | Lair:1   | Noticed a six-headed hydra
 13336 | Lair:1   | Killed a six-headed hydra
 13627 | Lair:1   | Noticed Grum
 13632 | Lair:1   | Killed Grum
 13632 | Lair:1   | Reached XP level 13. HP: 79/79 MP: 7/23
 13797 | Lair:2   | Noticed a six-headed hydra
 13801 | Lair:2   | Noticed a six-headed hydra
 13927 | Lair:2   | Killed a six-headed hydra
 14512 | Lair:1   | Gained mutation: You cannot be stealthy. [Ru sacrifice]
 14512 | Lair:1   | Reached ***** piety under Ru
 14755 | Lair:3   | Noticed an eight-headed hydra
 15635 | Lair:2   | Killed a six-headed hydra
 15873 | Lair:2   | Reached skill level 10 in Fighting
 16392 | Lair:3   | Killed an eight-headed hydra
 16452 | Lair:3   | Reached XP level 14. HP: 59/88 MP: 3/24
 16876 | Lair:3   | Found a staircase to the Snake Pit.
 17062 | Lair:4   | Found an ornate altar of the Wu Jian Council.
 17150 | Lair:4   | Gained mutation: Potions are less effective at restoring your health. [Ru sacrifice]
 17686 | Lair:4   | Found a staircase to the Shoals.
 18156 | Lair:5   | Noticed Snorg
 18178 | Lair:5   | Killed Snorg
 18365 | Lair:5   | Noticed Autsider's ghost (journeyman DrFE)
 18582 | Lair:4   | Reached skill level 10 in Short Blades
 18752 | Lair:5   | Found a viscous altar of Jiyva.
 18753 | Lair:5   | Found a staircase to the Slime Pits.
 18912 | Lair:5   | Killed Autsider's ghost
 18941 | Lair:6   | Entered Level 6 of the Lair of Beasts
 19171 | Lair:5   | Gained mutation: You are hated by all. [Ru sacrifice]
 19171 | Lair:5   | Reached ****** piety under Ru
 19300 | Lair:6   | Reached XP level 15. HP: 94/95 MP: 0/25
 21092 | Lair:6   | Identified the Guide on Stolen Souls
 21098 | Lair:6   | Learned a level 3 spell: Regeneration
 21375 | Orc:1    | Entered Level 1 of the Orcish Mines
 21494 | Orc:2    | Entered Level 2 of the Orcish Mines
 21543 | Orc:2    | Reached skill level 1 in Evocations
 21725 | Orc:2    | Reached skill level 1 in Necromancy
 21827 | Orc:1    | Noticed a stone giant
 21830 | Orc:1    | Killed a stone giant
 21830 | Orc:1    | Reached skill level 1 in Charms
 22402 | Orc:2    | Found a roughly hewn altar of Beogh.
 22695 | Orc:2    | Found Iruibut's Assorted Antiques.
 22705 | Orc:2    | Found Vitsotedgh's Food Shoppe.
 23240 | Orc:2    | Noticed Maurice
 23245 | Orc:2    | Killed Maurice
 23389 | Orc:2    | Noticed Rupert
 23602 | Orc:2    | Found a staircase to the Elven Halls.
 23679 | Orc:2    | Reached XP level 16. HP: 92/103 MP: 16/26
 23768 | Orc:2    | Killed Rupert
 23768 | Orc:2    | Reached skill level 5 in Shields
 24186 | Orc:2    | Reached skill level 5 in Evocations
 24298 | Orc:2    | Found Zid Xaru's Antique Armour Boutique.
 24410 | Orc:2    | Bought an ancient helmet for 285 gold pieces
 24420 | Orc:2    | Identified the cursed -7 helmet "Patuc" {rF+ rCorr Int+4 Dex-4} (You bought it in a shop on level 2 of the Orcish Mines)
 24576 | Orc:2    | Found a roughly hewn altar of Beogh.
 24584 | Orc:2    | Found Millik's General Store.
 24596 | Orc:2    | Bought a scroll of teleportation for 42 gold pieces
 24596 | Orc:2    | Bought a scroll of fear for 49 gold pieces
 25552 | D:12     | Found a portal to a secret trove of treasure.
 26248 | D:13     | Found a gate to the Vaults.
 27241 | D:15     | Entered Level 15 of the Dungeon
 27241 | D:15     | Noticed Roxanne
 27270 | D:15     | Noticed Urug
 27281 | D:14     | Killed Urug
 27501 | D:11     | Upgraded the game from 0.22-a0-248-gc8378ba to 0.22-a0-252-gcace5d2
 27574 | Shoals:1 | Entered Level 1 of the Shoals
 28281 | Shoals:1 | Reached XP level 17. HP: 108/108 MP: 6/27
 28514 | Shoals:2 | Noticed Polyphemus
 30119 | Shoals:3 | Noticed a kraken
 30563 | Shoals:3 | Found a hide-covered altar of Uskayaw.
 30567 | Shoals:3 | Got a spiked hat
 30568 | Shoals:3 | Identified the +2 hat "Hiuqited" {rC+ Int+3} (You found it on level 3 of the Shoals)
 31040 | Shoals:4 | Entered Level 4 of the Shoals
 31414 | Shoals:4 | Identified a +1 pair of boots of running (You found it on level 4 of the Shoals)
 31496 | Shoals:4 | Noticed Ilsuiw
 31507 | Shoals:4 | Killed Ilsuiw
 31507 | Shoals:4 | Reached skill level 10 in Dodging
 31857 | Shoals:4 | Noticed a kraken
 32213 | Shoals:4 | Reached XP level 18. HP: 103/114 MP: 30/30
 33212 | Shoals:4 | Got a barnacled rune of Zot
 33803 | D:11     | Quit the game

Vault maps used:
D:1:      mrwooster_arrival_statue_3
D:2:      uniq_terence, uniq_sigmund
D:3:      first_ration, uniq_grinder
D:4:      kennysheep_mini
D:5:      grunt_ministairs_10, lemuel_old_faithful
D:6:      kennysheep_spiral_hall, hex_medium, trog_eyes_of_draining,
          uniq_eustachio
D:7:      lemuel_temple_firewalk_b, gup_ossuary_entry_pyramid,
          grunt_dithmenos_shadows
D:8:      serial_shops, nicolae_shop_behind_doors
D:9:      david_orc_5
D:11:     minmay_lair_entry_lava
D:12:     enter_trove_6
D:13:     lightli_vaults_fourway_checkpoint
D:14:     minmay_misc_feat_enclosed, the_bakery
D:15:     grunt_enter_depths_hoard, minmay_crystal_water, uniq_roxanne,
          uniq_nessos, uniq_urug
Temple:   kilobyte_greek_temple
Lair:1:   minmay_hedge_maze, serial_bayou_pond_b, uniq_grum, uniq_gastronok
Lair:2:   st_stairs_9, kennysheep_abandoned_house, minmay_lair_oklob_chamber
Lair:3:   beast_lair_carwin_large_1, minmay_snake_entry_guardpost_medium,
          grunt_megastairs_3, serial_bayou_shore_a, lemuel_fruit_fields
Lair:4:   elwin_shoals_entry_rocks, lookout_lair_type, lemuel_oklob_altar
Lair:5:   dpeg_slime_entry_enclosed_altar, minivault_11, beast_lair_carwin_9,
          uniq_snorg
Lair:6:   evilmike_catoblepas_cave, minivault_19,
          nicolae_lair_grove_arrangements, grunt_megastairs_1
Shoals:1: nicolae_shoals_island_circles
Shoals:2: uniq_polyphemus
Shoals:3: regret_index_shoals_crete
Shoals:4: shoals_end_simple, shoals_ilsuiw_alternative, abandoned_shop
Orc:2:    pubby_orc_utopia, uniq_rupert, uniq_maurice
Ossuary:  ossuary_due_pyramid

Skill      XL: |  1  2  3  4  5  6  7  8  9 10 11 12 13 14 15 16 17 18 |
---------------+-------------------------------------------------------+-----
Stealth        | 3 4 0 |  0.0
Short Blades   | 1 2 3 4 6 8 10 12 14 | 14.0
Conjurations   | 2 3 4 5 6 8 9 10 11 12 13 14 | 14.6
Fighting       | 1 2 3 4 6 7 8 10 11 12 13 | 13.8
Fire Magic     | 4 5 7 8 9 10 11 12 13 | 13.2
Spellcasting   | 3 4 5 6 7 8 9 |  9.0
Dodging        | 4 5 6 8 10 11 | 11.1
Shields        | 1 3 4 8 9 |  9.8
Armour         | 2 3 |  3.5
Evocations     | 3 6 |  6.0
Necromancy     | 2 3 |  3.0
Charms         | 2 |  2.0

Action                   |  1- 3 |  4- 6 |  7- 9 | 10-12 | 13-15 | 16-18 || total
-------------------------+-------+-------+-------+-------+-------+-------++-------
Melee: Short sword       |     9 |    14 |    23 |       |       |       ||    46
       Mace              |       |     8 |     7 |       |       |       ||    15
       Rapier            |       |       |       |   287 |   593 |   478 ||  1358
Throw: Stone             |       |     6 |       |       |       |       ||     6
       Tomahawk          |       |       |     3 |    25 |    70 |    25 ||   123
       Throwing net      |       |       |       |       |     1 |       ||     1
 Cast: Flame Tongue      |    40 |    71 |   219 |   278 |   206 |    51 ||   865
       Conjure Flame     |     1 |     3 |    10 |    29 |    17 |     7 ||    67
       Throw Flame       |       |    13 |    31 |    32 |    29 |   147 ||   252
       Sticky Flame      |       |       |       |    34 |   130 |   103 ||   267
       Fireball          |       |       |       |    17 |   113 |   126 ||   256
Invok: Sacrifice Words   |       |       |     1 |       |       |       ||     1
       Sacrifice Health  |       |       |       |     1 |       |       ||     1
       Sacrifice Arcana  |       |       |       |     1 |       |       ||     1
       Power Leap        |       |       |       |       |     1 |     2 ||     3
       Sacrifice Stealth |       |       |       |       |     1 |       ||     1
       Apocalypse        |       |       |       |       |     3 |     5 ||     8
       Sacrifice Purity  |       |       |       |       |     1 |       ||     1
       Sacrifice Love    |       |       |       |       |     1 |       ||     1
       Draw Out Power    |       |       |       |       |     1 |       ||     1
 Abil: Evoke Berserk Rag |       |       |       |     2 |     2 |     2 ||     6
       Evoke Invisibilit |       |       |       |       |       |    10 ||    10
Evoke: Wand              |       |       |    19 |    48 |    23 |    54 ||   144
       Lamp of fire      |       |       |       |       |     2 |     4 ||     6
  Use: Scroll            |     1 |     5 |    15 |    10 |     6 |     9 ||    46
       Potion            |       |     4 |     2 |     2 |     1 |     6 ||    15
 Stab: Distracted        |     1 |       |       |     2 |     4 |     4 ||    11
       Sleeping          |       |     1 |     1 |     5 |       |       ||     7
       Paralysed         |       |       |       |     4 |     3 |     8 ||    15
       Invisible         |       |       |       |     1 |     5 |    22 ||    28
       Petrifying        |       |       |       |       |     1 |       ||     1
  Eat: Chunk             |     9 |     7 |    14 |    27 |    64 |    65 ||   186
Armor: Robe              |     6 |     4 |     8 |       |       |       ||    18
       Ring mail         |       |       |       |    50 |    63 |    68 ||   181
       Skin              |       |       |       |    36 |       |       ||    36
Dodge: Dodged            |    13 |    28 |    57 |   133 |   251 |   259 ||   741
Block: Other             |       |     1 |     2 |       |       |       ||     3
       Buckler           |       |       |    25 |   116 |   115 |       ||   256
       Reflection        |       |       |     5 |     1 |       |    38 ||    44
       Shield            |       |       |       |       |    76 |   338 ||   414

Table legend:
 A = Spawn XP
 B = Non-spawn XP
 C = Spawn XP percentage of total XP
 D = Spawn monster count
 E = Non-spawn monster count
 F = Spawn count percentage of total count
 G = Total turns spent on level
                    A         B        C        D         E        F      G
               +---------+---------+-------+---------+---------+-------+---------
         Total |       0 |  234929 |   0.0 |       0 |     975 |   0.0 | 33803
               +---------+---------+-------+---------+---------+-------+---------
           D:1 |       0 |      25 |   0.0 |       0 |      12 |   0.0 |   626
           D:2 |       0 |     288 |   0.0 |       0 |      18 |   0.0 |  1438
           D:3 |       0 |     109 |   0.0 |       0 |      16 |   0.0 |   901
           D:4 |       0 |     397 |   0.0 |       0 |      12 |   0.0 |  1154
           D:5 |       0 |     253 |   0.0 |       0 |       6 |   0.0 |   262
           D:6 |       0 |     987 |   0.0 |       0 |      21 |   0.0 |  1802
           D:7 |       0 |     617 |   0.0 |       0 |      23 |   0.0 |   920
           D:8 |       0 |    2589 |   0.0 |       0 |      18 |   0.0 |   939
           D:9 |       0 |    4636 |   0.0 |       0 |      64 |   0.0 |  1574
          D:10 |       0 |    3330 |   0.0 |       0 |      37 |   0.0 |  1523
          D:11 |       0 |    5350 |   0.0 |       0 |      48 |   0.0 |  1110
          D:12 |       0 |    5752 |   0.0 |       0 |      22 |   0.0 |   741
          D:13 |       0 |    9109 |   0.0 |       0 |      27 |   0.0 |   768
          D:14 |       0 |   10723 |   0.0 |       0 |      30 |   0.0 |  1047
          D:15 |       0 |     890 |   0.0 |       0 |       8 |   0.0 |     8
        Lair:1 |       0 |    9064 |   0.0 |       0 |      31 |   0.0 |  1309
        Lair:2 |       0 |    8063 |   0.0 |       0 |      36 |   0.0 |  1567
        Lair:3 |       0 |   14101 |   0.0 |       0 |      44 |   0.0 |  1510
        Lair:4 |       0 |   10326 |   0.0 |       0 |      39 |   0.0 |  1197
        Lair:5 |       0 |    9697 |   0.0 |       0 |      34 |   0.0 |  1160
        Lair:6 |       0 |   25579 |   0.0 |       0 |      74 |   0.0 |  1978
      Shoals:1 |       0 |    9301 |   0.0 |       0 |      22 |   0.0 |  1104
      Shoals:2 |       0 |   13706 |   0.0 |       0 |      25 |   0.0 |  1297
      Shoals:3 |       0 |   23023 |   0.0 |       0 |      48 |   0.0 |  2643
      Shoals:4 |       0 |   42929 |   0.0 |       0 |      77 |   0.0 |  1099
         Orc:1 |       0 |    2684 |   0.0 |       0 |      21 |   0.0 |   455
         Orc:2 |       0 |   21272 |   0.0 |       0 |     141 |   0.0 |  3012
       Ossuary |       0 |     129 |   0.0 |       0 |      21 |   0.0 |   517
               +---------+---------+-------+---------+---------+-------+---------
